 Dungeon Sprint DCSS version 0.30.1-4-g462c640d31 (webtiles) character file.

Game seed: 5412415387006740842

2500000 Groucho the Plane Walker (level 15, -68/65 HPs)
             Began as a Spriggan Warper on Aug 30, 2023.
             Was a Priest of Makhleb.
             Annihilated by a meat berserker
             ... wielding a +9 battleaxe
              (77 damage)
             ... in the Dungeon (Sprint VIII: "Arena of Blood").
             The game lasted 00:01:47 (25 turns).

Groucho the Plane Walker (Spriggan Warper)            Turns: 25, Time: 00:01:48

Health: -68/65     AC:  2    Str:  7    XL:     15   Next: 47%
Magic:  8/47       EV: 43    Int: 16    God:    Makhleb [***...]
Gold:   0          SH:  0    Dex: 21    Spells: 68/68 levels left

rFire   . . .        (weapon restricted)
rCold   . . .        (no shield)
rNeg    . . .        b - +0 robe
rPois   .            (helmet restricted)
rElec   .            (no cloak)
rCorr   .            (gloves unavailable)
SInv    +            (boots unavailable)
Will    ++...        (no amulet)
Stlth   ++           (no ring)
HPRegen 0.30/turn    (no ring)
MPRegen 0.30/turn

%: no teleportation
@: very quick
A: very small, no large weapons, unfitting armour, see invisible, speed 3
a: Renounce Religion, Minor Destruction, Lesser Servant of Makhleb


You were in the Dungeon.
You worshipped Makhleb.
Makhleb was most pleased with you.
You visited 1 branch

Inventory:

Hand Weapons
 a - a +0 hand axe
 j - the +∞ Axe of Woe
   (You found it in the Dungeon)
Missiles
 d - 7 boomerangs of dispersal (quivered)
Armour
 b - a +0 robe (worn)
Scrolls
 c - 2 scrolls of blinking
Potions
 e - a potion of curing
 f - a potion of heal wounds
 g - a potion of haste
 h - 2 potions of magic
 i - a potion of berserk rage


   Skills:
 - Level 1.5 Fighting
 + Level 23.7 Axes
 - Level 1.0 Throwing
 O Level 27 Dodging
 O Level 27 Spellcasting
 O Level 27 Translocations


You had 68 spell levels left.
You didn't know any spells.
Your spell library contained the following spells:

 Spells                   Type           Power      Damage    Failure   Level
 Blink                    Tloc           100%       N/A       0%          2
 Lesser Beckoning         Tloc           100%       N/A       0%          2
 Teleport Other           Tloc           82%        N/A       0%          3
 Manifold Assault         Tloc           82%        N/A       0%          4
 Vhi's Electric Charge    Tloc/Air       100%       N/A       1%          3


Dungeon Overview and Level Annotations

Branches:
Dungeon (1/1)

Altars:
Makhleb


Innate Abilities, Weirdness & Mutations

You are very small and have problems with some larger weapons.
You are too small for most types of armour.
You have supernaturally acute eyesight. (SInv)
You cover ground extremely quickly. (Speed+++)


Message History

You hear a shout!
You hear two shouts!
You hear a shout!
You slice the bag of meat!!
You pulverise the bag of meat into a thin bloody mist.
You kill the bag of meat!
Makhleb accepts your kill.
You slash the meat berserker!
You dissect the meat berserker like a pig carcass.
You kill the meat berserker!
Makhleb accepts your kill.
You hear two shouts!
You hear a shout! x11
Your Axes skill gained 4 levels and is now at level 23!
You have mastered Spellcasting!
You have reached level 15!
Your experience leads to an increase in your attributes!
Increase (S)trength, (I)ntelligence, or (D)exterity?
You feel agile. x2; You feel clever.
Unknown command.
You are now empty-handed.
You drop the +∞ Axe of Woe.
You hear a shout!
The meat berserker hits you with a +9 battleaxe!!!
Ouch! That really hurt!
* * * LOW HITPOINT WARNING * * *
You hear a shout! x9
You are too injured to fight recklessly!
Unknown command.
Really attack while wielding nothing?
Okay, then.
Unknown command.
Okay, then.
Unknown command.
Unknown command.
Really attack while wielding nothing?
Okay, then.
Unknown command.
Unknown command.
j - the +∞ Axe of Woe You hear a shout! x3
The meat berserker hits you with a +9 battleaxe!!!!
Ouch! That really hurt!
You die...

... ..... #..
.o.# . #.. ...#
. ..###..
...###..
......###......
......_.O....
#).).O# #_@<._#
#)O.).#
......._.......
......###......
..###..
...###.. . #..
...# . #.. ...#
... ..... .. ..


You could see a large bag of meat (inner flame) and 2 meat berserkers.

Vanquished Creatures
  3 ogres (D)
  7 orcs (D)
10 creatures vanquished.

Notes
Turn   | Place    | Note
-------+----------+-------------------------------------------
     0 | D        | Found the +∞ Axe of Woe
     0 | D        | Groucho the Spriggan Warper began the quest for the Orb.
     0 | D        | Reached XP level 1. HP: 10/10 MP: 5/5
     0 | D        | Noticed a bag of meat
     4 | D        | Became a worshipper of Makhleb the Destroyer
     4 | D        | Noticed a bag of meat
     4 | D        | Noticed a meat berserker
     6 | D        | Noticed a bag of meat
     7 | D        | Noticed a bag of meat
     8 | D        | Noticed a meat berserker
    10 | D        | Killed a meat berserker
    10 | D        | Noticed a bag of meat
    11 | D        | Reached XP level 2. HP: 14/14 MP: 5/22
    11 | D        | Reached XP level 3. HP: 18/18 MP: 5/23
    11 | D        | Reached XP level 4. HP: 22/22 MP: 5/25
    11 | D        | Reached XP level 5. HP: 25/25 MP: 5/26
    11 | D        | Reached XP level 6. HP: 30/30 MP: 5/28
    11 | D        | Reached XP level 7. HP: 33/33 MP: 5/29
    11 | D        | Reached XP level 8. HP: 37/37 MP: 5/31
    11 | D        | Reached XP level 9. HP: 41/41 MP: 5/32
    11 | D        | Reached XP level 10. HP: 46/46 MP: 5/33
    11 | D        | Reached XP level 11. HP: 49/49 MP: 5/34
    11 | D        | Killed a meat berserker
    11 | D        | Reached * piety under Makhleb
    11 | D        | Noticed a bag of meat
    12 | D        | Reached skill level 15 in Axes
    12 | D        | Reached XP level 12. HP: 53/53 MP: 5/37
    12 | D        | Reached XP level 13. HP: 57/57 MP: 5/38
    12 | D        | Killed a bag of meat
    12 | D        | Killed a bag of meat
    13 | D        | Killed a bag of meat
    13 | D        | Reached ** piety under Makhleb
    14 | D        | Reached skill level 27 in Translocations
    14 | D        | Reached XP level 14. HP: 61/61 MP: 5/42
    14 | D        | Killed a bag of meat
    14 | D        | Noticed a bag of meat
    16 | D        | Killed a bag of meat
    17 | D        | Reached skill level 27 in Dodging
    18 | D        | Killed a bag of meat
    18 | D        | Reached *** piety under Makhleb
    18 | D        | Noticed a meat berserker
    19 | D        | Noticed a meat berserker
    20 | D        | Noticed a large bag of meat
    22 | D        | Noticed a meat berserker
    23 | D        | Killed a bag of meat
    23 | D        | Killed a meat berserker
    24 | D        | Reached skill level 27 in Spellcasting
    24 | D        | Reached XP level 15. HP: 57/65 MP: 8/47
    25 | D        | Annihilated by a meat berserker

Illustrated notes

Levels and vault maps discovered:
D:        meatsprint

Skill      XL: |  1  2  3  4  5  6  7  8  9 10 11 12 13 14 |
---------------+-------------------------------------------+-----
Axes           | 13 15 17 23 | 23.7
Dodging        | 19 22 25 27 | 27.0
Spellcasting   | 18 20 23 27 | 27.0
Translocations | 21 24 27 | 27.0
Fighting       | |  1.5
Throwing       | |  1.0

Action                     |  1- 3 |  4- 6 |  7- 9 | 10-12 | 13-15 || total
---------------------------+-------+-------+-------+-------+-------++-------
  Melee: Broad axe         |     1 |       |       |     1 |     6 ||     8
